 Dungeon Crawl Stone Soup version 0.32-a0-791-gfc315c9ecd (webtiles) character file.

Game seed: 15955947065496795988

88 ezpacito the Trooper (level 4, -2/32 (35) HPs)
             Began as a Coglin Chaos Knight on Mar 20, 2024.
             Was a Plaything of Xom.
             Killed from afar by an orc wizard (5 damage)
             ... with a puff of flame
             ... on level 2 of the Dungeon.
             The game lasted 00:02:31 (1184 turns).

ezpacito the Trooper (Coglin Chaos Knight)          Turns: 1184, Time: 00:02:31

HP:   -2/32 (35)    AC:  9    Str: 14    XL:     4   Next: 54%
MP:   5/5           EV:  6    Int: 11    God:    Xom [....*.]
Gold: 81            SH:  0    Dex: 14    Spells: 1/4 levels left

rFire   . . .        a - +0 hand axe (chaos) {Heine}
rCold   . . .        l - +0 trident {Enrique}
rNeg    . . .        o - +0 chain mail
rPois   .            (no helmet)
rElec   .            (no cloak)
rCorr   .            (no gloves)
SInv    .            m - +0 pair of boots
Will    .....        (amulet unavailable) Stlth
                     (ring unavailable)
HPRegen 1.05/turn    (ring unavailable)
MPRegen 0.09/turn    (no gizmo)

%: no passive effects
@: confused, drained, revving
A: off-hand wielding, slow wielding, warmup strikes, no jewellery, regeneration
1
a: Invent Gizmo, Renounce Religion


You were on level 2 of the Dungeon.
You worshipped Xom.
You were a beloved toy of Xom.
You visited 1 branch of the dungeon, and saw 3 of its levels.

You collected 81 gold pieces.

Inventory:

Hand Weapons
 a - a +0 hand axe of chaos (weapon) {Heine}
 l - a +0 trident (offhand) {Enrique}
Armour
 m - a +0 pair of boots (worn)
 o - a +0 chain mail (worn)
Scrolls
 f - 2 scrolls of immolation {unknown}
 h - a scroll of fog {unknown}
 i - a scroll of blinking {unknown}
 k - a scroll of enchant weapon {unknown}
 n - a scroll of revelation {unknown}


   Skills:
 * Level 3.4 Fighting
 * Level 3.4(3.5) Axes
 + Level 0.7(2.1) Polearms
 * Level 2.1 Armour
 * Level 2.0 Dodging
 + Level 0.6 Stealth
 + Level 0.8 Spellcasting
 + Level 0.1 Alchemy


You had one spell level left.
You knew the following spells:

 Your Spells              Type           Power      Damage    Failure   Level
x - Mephitic Cloud        Conj/Alch/Air  0%         N/A       100%        3

Your spell library contained the following spells:

 Spells                   Type           Power      Damage    Failure   Level
 Sandblast                Erth           0%         2d4       99%         1
 Dazzling Flash           Conj/Hex       0%         N/A       100%        3
 Stone Arrow              Conj/Erth      0%         3d7       100%        3
 Brom's Barrelling Bould  Conj/Erth      0%         2d3       100%        4
 Curse of Agony           Necr           0%         N/A       100%        5
 Silence                  Hex/Air        0%         N/A       100%        5


Dungeon Overview and Level Annotations

Branches:
Dungeon (3/15)

Altars:
Xom

Shops:
D:2 (

Annotations:
D:3 Sigmund


Innate Abilities, Weirdness & Mutations

You can wield a second weapon in your off-hand.
It takes a long time for you to wield or remove held weapons.
Your first few attacks do less damage.
You cannot equip rings or amulets.
Your natural rate of healing is unusually fast.


Message History

You hit the hobgoblin with your +0 trident.
The hobgoblin is heavily wounded.
You miss the hobgoblin with your +0 hand axe of chaos.
You hit the orc wizard with your +0 hand axe of chaos.
The orc wizard convulses.
The orc wizard hits you but does no damage.
You feel drained. The hobgoblin closely misses you.
You closely miss the hobgoblin with your +0 trident.
The hobgoblin is heavily wounded.
You hit the hobgoblin but do no damage.
You hit the orc wizard but do no damage.
The orc wizard hits you but does no damage.
You feel drained. The hobgoblin hits you.
* * * LOW HITPOINT WARNING * * *
You take 2 damage, and have 2/33 hp.
You closely miss the hobgoblin with your +0 trident.
The hobgoblin is heavily wounded.
You miss the hobgoblin with your +0 hand axe of chaos.
You hit the orc wizard with your +0 hand axe of chaos.
The orc wizard's magic leaks into the air.
The orc wizard's magic is no longer disrupted.
The orc wizard gestures wildly while chanting.
The orc wizard flickers and vanishes!
Deactivating autopickup; reactivate with Ctrl-A.
The hobgoblin barely misses you.
You're too confused to move!
You hear some strange, mumbled words.
Something tries to affect you, but you resist.
The hobgoblin barely misses you.
You miss something with your +0 hand axe of chaos.
You completely miss the hobgoblin with your +0 hand axe of chaos.
You barely miss something with your +0 trident.
Something hits you but does no damage.
You feel drained. The hobgoblin hits you.
* * * LOW HITPOINT WARNING * * *
You take 2 damage, and have 2/32 hp.
You hear some strange, mumbled words.
A puff of flame appears from out of thin air!
The puff of flame hits you.
You die...

..###......÷.......########..####
..#.......................#.##
..#.......##..÷.........._..#
..#.......##....÷........_.##
..#.......##..))...........#
###............#.#........##
#######..#..............#
#..#.#.#.#.#......# ##
##.#....@g........# .##
#.#.#.#>#.#.#.####
..########.....{.....#.###
...............#.#.......#
........####.............#
........# ###..#####....#
........# ##....#.....#
........#######.##.......###
.......[#..................#


You could see a hobgoblin.

Vanquished Creatures
  3 adders (D:2)
  2 dart slugs (D:1)
  3 orcs
  2 ball pythons (D:1)
  4 bats
  6 endoplasms
  4 goblins
  4 hobgoblins (D:2)
  7 jackals
  5 kobolds
  3 quokkas
  A frilled lizard (D:2)
  2 rats
46 creatures vanquished.

Vanquished Creatures (others)
  A kobold zombie (D:2)
1 creature vanquished.

Grand Total: 47 creatures vanquished

Notes
Turn   | Place    | Note
-------+----------+-------------------------------------------
     0 | D:1      | ezpacito the Coglin Chaos Knight began the quest for the
                  | Orb.
     0 | D:1      | Reached XP level 1. HP: 18/18 MP: 1/1
    27 | D:1      | XOM: divination: detect creatures
   122 | D:1      | Reached skill level 1 in Dodging
   186 | D:1      | Reached XP level 2. HP: 7/24 MP: 2/2
   226 | D:1      | XOM: silly message
   283 | D:1      | XOM: smoke on damage
   345 | D:1      | Reached XP level 3. HP: 29/29 MP: 3/3
   709 | D:2      | XOM: god gift: robe {god gift}
   714 | D:2      | Learned a level 3 spell: Mephitic Cloud
   730 | D:2      | Found Geoc's Antique Weapon Emporium.
   740 | D:2      | Reached XP level 4. HP: 35/35 MP: 4/4
   948 | D:2      | Found a faded altar of an unknown god.
   948 | D:2      | Noticed a sun demon
  1024 | D:2      | XOM: scenery: create altars
  1108 | D:3      | Noticed Sigmund
  1109 | D:3      | XOM: summons 4 friendly demons
  1114 | D:3      | XOM: summons 2 hostile shadow creatures
  1117 | D:3      | XOM: smoke on damage
  1122 | D:2      | Gained mutation: Your natural rate of healing is unusually
                  | fast. [potion of mutation]
  1184 | D:2      | Killed from afar by an orc wizard

Illustrated notes

Levels and vault maps discovered:
D:1:      ebering_hopf_link, layout_rooms
D:2:      layout_basic, dreamdust_ecumenical_altar_sealed_demon, serial_shops,
          nicolae_shop_dealshenge, st_stairs_2
D:3:      layout_basic, serial_shops, shop, nicolae_shop_pleasant_corner_grove,
          shop, nicolae_lakefront_shop, uniq_sigmund, uniq_crazy_yiuf_cottage,
          uniq_jessica

Skill      XL: |  1  2  3  4 |
---------------+-------------+-----
Dodging        | 1 2 |  2.0
Armour         | 2 |  2.1
Fighting       | |  3.4
Axes           | |  3.4
Polearms       | |  0.7
Stealth        | |  0.6
Spellcasting   | |  0.8
Alchemy        | |  0.1

Action                     |  1- 3 |  4- 6 || total
---------------------------+-------+-------++-------
  Melee: Hand axe          |    49 |    29 ||    78
         Dagger            |    34 |       ||    34
         Trident           |    10 |    40 ||    50
  Throw: Dart              |       |     4 ||     4
    Use: Scroll            |     1 |       ||     1
         Potion            |       |     4 ||     4
 Armour: Leather armour    |    37 |     8 ||    45
         Chain mail        |       |    45 ||    45
  Dodge: Dodged            |    37 |    28 ||    65

Table legend: (Time is in decaauts)
 A = Elapsed time spent in this place.
 B = Non-inter-level travel time spent in this place.
 C = Inter-level travel time spent in this place.
 D = Time resting spent in this place.
 E = Time spent auto-exploring this place.
 F = Levels seen in this place.
 G = Mean time per level.
                   A        B        C        D        E       F      G
               +--------+--------+--------+--------+--------+-----+--------+
         Total |   1199 |   1072 |    127 |     20 |    706 |   3 |  399.7 |
       Dungeon |   1199 |   1072 |    127 |     20 |    706 |   3 |  399.7 |
               +--------+--------+--------+--------+--------+-----+--------+

Top non-repeatable levels by time:
     D:2: 602 daAuts
     D:1: 561 daAuts
     D:3: 36 daAuts
